 Dungeon Crawl Stone Soup version 0.18-a0-1782-gb76a692 (webtiles) character file.

23 nubinia the Stinger (level 2, -2/13 HPs)
             Began as a Spriggan Venom Mage on Apr 17, 2016.
             Slain by a kobold
             ... wielding a +0 club
              (4 damage)
             ... on level 1 of the Dungeon.
             The game lasted 00:02:36 (764 turns).

nubinia the Stinger (Spriggan Venom Mage)            Turns: 764, Time: 00:02:36

Health: -2/13      AC:  2    Str:  4    XL:     2   Next: 72%
Magic:  0/6        EV: 18    Int: 16    God:
Gold:   44         SH:  0    Dex: 16    Spells: 2 memorised, 3 levels left

rFire  . . .     SeeInvis +     d - +0 short sword
rCold  . . .     Gourm    .     a - +0 robe
rNeg   . . .     Faith    .     (shield restricted)
rPois  .         Spirit   .     (helmet restricted)
rElec  .         Dismiss  .     (no cloak)
rCorr  .         Reflect  .     (gloves unavailable)
SustAt .         Harm     .     (boots unavailable)
MR     .....                    (no amulet)
Stlth  +++.......               (no ring)
                                f - ring of wizardry

@: very quick, not resistant to hostile enchantments, fairly stealthy
A: unfitting armour, see invisible, herbivore 3, speed 3, slow metabolism 2
a: no special abilities


You were on level 1 of the Dungeon.
You were not hungry.

You visited 1 branch of the dungeon, and saw 1 of its levels.

You collected 44 gold pieces.

Inventory:

Hand Weapons
 d - a +0 short sword (weapon)
Armour
 a - a +0 robe (worn)
Jewellery
 f - a ring of wizardry (left hand)
Scrolls
 e - a scroll of immolation {unknown}
Books
 b - a Young Poisoner's Handbook

   Spells                             Type                      Level
   a - Sting                          Conjuration/Poison           1
   b - Cure Poison                    Poison                       2
   c - Mephitic Cloud                 Conjuration/Poison/Air       3
   d - Olgreb's Toxic Radiance        Poison                       4
   e - Venom Bolt                     Conjuration/Poison           5
Comestibles
 c - 2 bread rations


   Skills:
 + Level 0.1 Fighting
 + Level 0.4 Short Blades
 + Level 3.2 Dodging
 + Level 3.2 Stealth
 + Level 2.9 Spellcasting
 + Level 4.4 Poison Magic


You had 3 spell levels left.
You knew the following spells:

 Your Spells              Type           Power        Failure   Level  Hunger
a - Sting                 Conj/Pois      #...         4%          1    #......
b - Cure Poison           Pois           ###.......   2%          2    ##.....


Dungeon Overview and Level Annotations

Branches:
Dungeon (1/15)

Altars:


Innate Abilities, Weirdness & Mutations

You are tiny and cannot use many weapons and most armour.
You have supernaturally acute eyesight.
You are a herbivore.
You cover ground extremely quickly.
You need consume almost no food.


Message History

The kobold is severely wounded.
The kobold misses you.
You hit the kobold but do no damage.
The kobold is severely wounded.
The kobold hits you with a club.
* * * LOW HITPOINT WARNING * * *
Unknown command.
Unknown command.
Unknown command.
Casting: Sting
Confirm with . or Enter, or press ? or * to list all spells.
Aiming: Sting
Press: ? - help, Shift-Dir - straight line, f - dart slug
Aim: a dart slug (clinging)
The sting hits the dart slug.
The dart slug appears unharmed.
The dart slug completely misses you.
You hit the kobold but do no damage.
The kobold is severely wounded.
The kobold hits you with a club.
You die...

##≈..^≈##..# .... .##
##≈P≈.≈♣≈##.# .........
#≈P⌠P≈♣⌠♣≈#.# #...#.#.#
#≈P...♣≈#..### #........
#≈...≈..(.... #...#.#.##
#≈...≈....### #......).####
#≈.<.≈.(....# ....#.#w#w..#
#≈...≈..#.#(# #.
#.....#@####≈...≈.(..#.#
#).##.#K##K###≈♣...♣≈#..#.#
#.#.......##≈♣⌠♣≈♣⌠♣≈..#.#
#..#.#.#..###≈♣≈.≈♣≈#..#.#
##......### ##≈...≈#......
###.#.#########.###.#....
#..................#....
##.#.#.###########......
#......# ##..#'#


You could see a dart slug and a kobold.

Vanquished Creatures
  A dart slug (D:1)
  2 giant cockroaches (D:1)
  3 goblins (D:1)
  3 hobgoblins (D:1)
  2 jackals (D:1)
  3 kobolds (D:1)
  A bat (D:1)
  A giant newt (D:1)
  A rat (D:1)
17 creatures vanquished.

Vanquished Creatures (others)
  4 toadstools (D:1)
4 creatures vanquished.

Grand Total: 21 creatures vanquished

Notes
Turn   | Place    | Note
--------------------------------------------------------------
     0 | D:1      | nubinia the Spriggan Venom Mage began the quest for the Orb.
     0 | D:1      | Reached XP level 1. HP: 9/9 MP: 5/5
   163 | D:1      | Reached XP level 2. HP: 7/13 MP: 0/6
   167 | D:1      | Learned a level 2 spell: Cure Poison
   764 | D:1      | Slain by a kobold

Vault maps used:
D:1:      ldierk_water_garden, kennysheep_another_room, st_stairs_13,
          corexii_corridor_pit

Action                   || total
-------------------------++-------
Melee: Short sword       ||    55
 Cast: Sting             ||    32
 Stab: Sleeping          ||     2
Armor: Robe              ||     8
Dodge: Dodged            ||    54
